 Dungeon Crawl Stone Soup version 0.17.1-3-g152610e (webtiles) character file.

25 kaze the Skirmisher (level 2, -3/24 HPs)
             Began as a Demonspawn Berserker on Mar 28, 2016.
             Was an Initiate of Nemelex Xobeh.
             Slain by a black bear (5 damage)
             ... created by the rage of Trog
             ... on level 2 of the Dungeon.
             The game lasted 00:02:48 (1436 turns).

kaze the Skirmisher (Demonspawn Berserker)          Turns: 1436, Time: 00:02:48

Health: -3/24      AC:  3    Str: 17    XL:     2   Next: 82%
Magic:  2/2        EV: 12    Int:  8    God:    Nemelex Xobeh [......]
Gold:   111        SH:  0    Dex: 12    Spells: 0 memorised, 1 level left

rFire  . . .     SeeInvis .     p - -1 hand axe (curse)
rCold  . . .     Clarity  .     b - +0 animal skin
rNeg   . . .     SustAt   .     (no shield)
rPois  .         Gourm    .     (no helmet)
rElec  .         Spirit   .     (no cloak)
rCorr  .         Warding  .     (no gloves)
rMut   .         Stasis   .     o - +0 pair of boots
MR     .....                    (no amulet)
Stlth  ..........               (no ring)
                                l - ring of loudness (curse)

@: lethally poisoned (-3 -> -14), not resistant to hostile enchantments,
extremely unstealthy
A: talons 1
a: Renounce Religion


You were on level 2 of the Dungeon.
You worshipped Nemelex Xobeh.
Nemelex Xobeh was noncommittal.
You were not hungry.

You visited 1 branch of the dungeon, and saw 2 of its levels.

You collected 111 gold pieces.

Inventory:

Hand Weapons
 a - a +0 hand axe
 p - a cursed -1 hand axe (weapon)
Armour
 b - a +0 animal skin (worn)
 d - a +1 naga barding
 o - a +0 pair of boots (worn)
Jewellery
 l - a cursed ring of loudness (left hand)
Scrolls
 j - 2 scrolls of teleportation
Potions
 e - a potion of haste {unknown}
 f - 3 potions of brilliance {unknown}
 g - a potion of flight {unknown}
 i - a potion of invisibility {unknown}
 k - 2 potions of curing {unknown}
Comestibles
 c - a bread ration
 h - 3 chunks of flesh
 m - 2 meat rations
 n - 3 fruits


   Skills:
 + Level 3.4 Fighting
 + Level 2.8 Axes
 + Level 1.7 Armour
 + Level 2.5 Dodging


You had one spell level left.
You didn't know any spells.

Dungeon Overview and Level Annotations

Branches:
Dungeon (2/15)

Altars:
Nemelex Xobeh


Innate Abilities, Weirdness & Mutations

You have sharp toenails.


Message History

You feel sick. The adder barely misses you. The adder barely misses you.
You barely miss the adder.
The adder is lightly wounded.
The adder closely misses you.
You barely miss the adder.
The adder is lightly wounded.
The adder bites you.
You are more poisoned.
The adder poisons you! The adder bites you. Trog sends monsters to punish you.
A polar bear and 2 black bears come into view.
You feel sick. The adder bites you.
* * * LOW HITPOINT WARNING * * *
You are more poisoned.
The adder poisons you!
Unknown command.
* * * LOW HITPOINT WARNING * * *
You feel sick. The black bear bites you.
You die...
Your body disappears without a glow.

*,*,****#...,#.##*(..#*..#.#,*,
*,*,,,,*#....#...,,...,....####
*,****,*#....#..#**#.#**#......
*,,,**,*#....#..# #.####......
*****,**,##....#..# ##...##.#**#.
,* *,,,,.........###....##.####.
,*********#..........._......#...
,,,,,,,,,,*.#.>...##....###....#.
,,,,,,,**,*,#..h@h##...## #.##...
,,,,,,,**,*,#...S.####.# #.####.
,,,,,,,*,,,,##+#.?#**#.#**#..,,#.
,,,,,,,*******,#.†.......,.%.,,..
,,,,,,,* *,#..h....##,..##,..
,,,,,,,* *,####......####,..#
,,,,,,,*******,* *......* *,%.,
,,,,,,,+,,,,,,,* *......****,###
,,,,>,,********* *,.....+,,,,#..


You could see a polar bear (berserk), 2 black bears and an adder.

Vanquished Creatures
  A ball python (D:1)
  2 giant cockroaches (D:2)
  3 goblins (D:1)
  A hobgoblin (D:1)
  6 jackals
  2 kobolds (D:1)
  2 bats (D:1)
  2 giant newts (D:1)
  5 rats
24 creatures vanquished.

Notes
Turn   | Place    | Note
--------------------------------------------------------------
     0 | D:1      | kaze the Demonspawn Berserker began the quest for the Orb.
     0 | D:1      | Reached XP level 1. HP: 18/18 MP: 1/1
   526 | D:1      | Gained mutation: You have sharp toenails. [demonic ancestry]
   526 | D:1      | Reached XP level 2. HP: 18/24 MP: 2/2
  1342 | D:2      | Found a sparkling altar of Nemelex Xobeh.
  1404 | D:2      | Fell from the grace of Trog
  1404 | D:2      | Became a worshipper of Nemelex Xobeh the Trickster
  1435 | D:2      | Noticed a polar bear
  1435 | D:2      | Noticed a black bear
  1435 | D:2      | Noticed a black bear
  1436 | D:2      | Slain by a black bear

Action                   || total
-------------------------++-------
Melee: Hand axe          ||    73
Invok: Berserk           ||     1
  Use: Scroll            ||     3
  Eat: Chunk             ||     3
